 Dungeon Crawl Stone Soup version 0.29.1-15-g9cfb28693d (webtiles) character file.

Game seed: 4419615015285098659

714 Descartes the Digger (level 7, -2/36 HPs)
             Began as a Gargoyle Earth Elementalist on Feb 26, 2023.
             Was an Initiate of Gozag.
             Slain by Pikel
             ... wielding a +1 whip of freezing
              (6 damage)
             ... on level 3 of the Dungeon.
             The game lasted 00:14:55 (5825 turns).

Descartes the Digger (Gargoyle Earth Elementalist)  Turns: 5825, Time: 00:14:56

Health: -2/36      AC: 13    Str: 14    XL:     7   Next: 69%
Magic:  1/12       EV: 12    Int: 13    God:    Gozag
Gold:   404        SH:  0    Dex: 10    Spells: 7/13 levels left

rFire   + . .      SeeInvis .   k - +9 hammer of Greatest Utility {elec, rElec rF+ Int-2}
rCold   . . .      Faith    .   (no shield)
rNeg    + . .      Spirit   .   l - +3 leather armour of Anaesthesia {Stlth+}
rPois   ∞          Reflect  .   (no helmet)
rElec   +          Harm     .   E - +0 cloak
rCorr   .          Rampage  .   d - +0 pair of gloves
Will    .....                   t - +0 pair of boots
Stlth   +++.......              (no amulet)
HPRegen 0.12/turn               e - ring of flight
MPRegen 0.13/turn               (no ring)

@: flying
A: sickness immunity, AC +4, negative energy resistance 1, electricity
resistance, torment resistance 1, petrification resistance
a: Renounce Religion, Potion Petition, Call Merchant, Bribe Branch


You were on level 3 of the Dungeon.
You worshipped Gozag.
Gozag was aware of your devotion.
You visited 1 branch of the dungeon, and saw 5 of its levels.

You collected 454 gold pieces.
You paid 50 gold pieces to Gozag.

Inventory:

Hand Weapons
 k - the +9 hammer of Greatest Utility (weapon) {elec, rElec rF+ Int-2}
   (You found it on level 3 of the Dungeon)

   It occasionally discharges a powerful burst of electricity upon striking a
   foe.
   Int:       It affects your intelligence (-2).
   rF:        It protects you from fire.
   rElec:     It insulates you from electricity.
 z - a +4 hand axe of freezing
 A - a +3 dagger
 D - a +4 quarterstaff of chaos
Missiles
 f - 5 curare-tipped darts
 u - 4 poisoned darts
 w - 6 boomerangs
 C - 3 javelins
Armour
 d - a +0 pair of gloves (worn)
 l - the +3 leather armour of Anaesthesia (worn) {Stlth+}
   (You found it on level 3 of the Dungeon)

   Stlth:     It makes you more stealthy.
 t - a +0 pair of boots (worn)
 E - a +0 cloak (worn)
Magical Staves
 s - a staff of earth
Jewellery
 e - a ring of flight (left hand)
Wands
 y - a wand of polymorph (7)
Scrolls
 a - a scroll of butterflies {unknown}
 g - 4 scrolls of identify {unknown}
 h - 5 scrolls of teleportation {unknown}
 i - 2 scrolls of amnesia {unknown}
 m - a scroll of immolation {unknown}
 n - 2 scrolls of poison {unknown}
 o - a scroll of enchant weapon {unknown}
 r - 2 scrolls of blinking {unknown}
 v - a scroll of torment {unknown}
 x - a scroll of silence {unknown}
 F - a scroll of brand weapon {unknown}
Potions
 b - 2 potions of magic
 c - a potion of might {unknown}
 j - a potion of lignification {unknown}
 p - 2 potions of curing {unknown}
 q - 2 potions of mutation {unknown}
 B - a potion of heal wounds {unknown}


   Skills:
 + Level 3.4 Dodging
 - Level 2.1 Stealth
 + Level 3.8 Spellcasting
 + Level 3.6 Conjurations
 - Level 0.7 Transmutations
 + Level 5.7 Earth Magic
 + Level 2.9 Evocations


You had 7 spell levels left.
You knew the following spells:

 Your Spells              Type           Power      Damage    Failure   Level
a - Sandblast             Erth           34%        2d9       2%          1
b - Passwall              Tmut/Erth      8%         N/A       11%         2
c - Stone Arrow           Conj/Erth      28%        3d8       12%         3

Your spell library contained the following spells:

 Spells                   Type           Power      Damage    Failure   Level
 Shock                    Conj/Air       28%        1d4       13%         1
 Necrotise                Necr           8%         1d4       26%         1
 Poisonous Vapours        Pois/Air       4%         N/A       38%         2
 Petrify                  Tmut/Erth      10%        N/A       56%         4
 Swiftness                Air            2%         N/A       63%         3
 Airstrike                Air            1%         2d(1-17)  95%         4
 Corpse Rot               Necr/Pois/Air  Unusable   N/A       N/A         4

Dungeon Overview and Level Annotations

Branches:
Dungeon (5/15)
 Temple: D:4-7

Altars:
Gozag
Hepliaklqana
Sif Muna
Trog
Yredelemnul

Annotations:
D:3 Pikel


Innate Abilities, Weirdness & Mutations

You are immune to sickness and miasma.
Your stone body is resilient. (AC +4)
You are immune to poison.
You resist negative energy. (rN+)
You are resistant to electric shocks. (rElec)
You are resistant to unholy torment.
You are immune to petrification.


Message History

Pikel attacks as you move away!
Pikel hits you with a +1 whip of freezing.
Pikel freezes you.
Casting: Sandblast (safe; 2% risk of failure)
Confirm with . or Enter, or press ? or * to list all spells.
Aiming: Sandblast (safe; 2% risk of failure)
Press: ? - help, Shift-Dir - straight line, f/p - Pikel
Aim: Pikel, wielding a +1 whip of freezing and wearing a +0 robe (heavily wounded, 77% to hit)
The blast of sand misses Pikel.
Pikel barely misses you. Pikel misses you.
Casting: Sandblast (safe; 2% risk of failure)
Confirm with . or Enter, or press ? or * to list all spells.
Aiming: Sandblast (safe; 2% risk of failure)
Press: ? - help, Shift-Dir - straight line, f/p - Pikel
Aim: Pikel, wielding a +1 whip of freezing and wearing a +0 robe (heavily wounded, 77% to hit)
The blast of sand hits Pikel.
Pikel is severely wounded.
Pikel hits you but does no damage.
Unknown command.
Casting: Sandblast (safe; 2% risk of failure)
Confirm with . or Enter, or press ? or * to list all spells.
Aiming: Sandblast (safe; 2% risk of failure)
Press: ? - help, Shift-Dir - straight line, f/p - Pikel
Aim: Pikel, wielding a +1 whip of freezing and wearing a +0 robe (severely wounded, 77% to hit)
The blast of sand hits Pikel.
Pikel is severely wounded.
Pikel hits you but does no damage.
Pikel hits you with a +1 whip of freezing.
* * * LOW HITPOINT WARNING * * *
Pikel freezes you.
* * * LOW HITPOINT WARNING * * *
Casting: Sandblast (safe; 2% risk of failure)
Confirm with . or Enter, or press ? or * to list all spells.
Aiming: Sandblast (safe; 2% risk of failure)
Press: ? - help, Shift-Dir - straight line, f/p - Pikel
Aim: Pikel, wielding a +1 whip of freezing and wearing a +0 robe (severely wounded, 77% to hit)
The blast of sand hits Pikel but does no damage.
Pikel is severely wounded.
Pikel hits you with a +1 whip of freezing.
You die...
Your body crumbles into a pile of gold.

..............[.....#..........#.
#######..........#..#..##......#.
#.............##.##.###....
#######.####..##.##.# ##.#. #.#
#..##.##.# #.## #.# #..##.##.#
#.## #.# #..##.##.# #...
#.####..##.##.# #...
#..K@...##.##.####... #####
##.####.###.#........#
###...#####....................#
#............####.###.#.#####..#
#.#............................#
############.###................
#.# #..#.#.#.#####... ##### #.#
#................ #...#
####.###..#.#.#.........


You could see Pikel.

Vanquished Creatures
  Eustachio (D:3)
  A centaur (D:5)
  An ogre (D:5)
  A lemure (D:3)
  Blork the orc (D:3)
  Crazy Yiuf (D:3)
  2 jellies
  An orc priest (D:3)
  Jessica (D:3)
  An orc wizard (D:4)
  Terence (D:3)
  Robin (D:3)
  3 adders
  2 worms
  2 dart slugs (D:4)
  10 orcs
  6 ball pythons
  6 bats
  3 endoplasms
  3 giant cockroaches
  13 goblins
  10 hobgoblins
  2 jackals (D:1)
  12 kobolds
  3 quokkas (D:2)
  3 frilled lizards
  3 rats
94 creatures vanquished.

Notes
Turn   | Place    | Note
-------+----------+-------------------------------------------
     0 | D:1      | Descartes the Gargoyle Earth Elementalist began the quest
                  | for the Orb.
     0 | D:1      | Reached XP level 1. HP: 10/10 MP: 3/3
   144 | D:1      | Reached XP level 2. HP: 15/15 MP: 3/5
   190 | D:1      | Found a faded altar of an unknown god.
   366 | D:1      | Learned a level 2 spell: Passwall
   583 | D:1      | Reached skill level 4 in Earth Magic
   726 | D:1      | Reached XP level 3. HP: 19/19 MP: 4/6
  1394 | D:2      | Reached skill level 1 in Conjurations
  2200 | D:3      | Noticed Robin
  2381 | D:3      | Found a runed translucent door.
  2382 | D:3      | Noticed Crazy Yiuf
  2456 | D:3      | Identified the +1 robe of Goqempid {Drain rPois Str+2}
  2494 | D:3      | Reached skill level 1 in Evocations
  2494 | D:3      | Reached XP level 4. HP: 24/24 MP: 3/7
  2631 | D:3      | Found a shimmering blue altar of Sif Muna.
  2631 | D:3      | Noticed Jessica
  2634 | D:3      | Killed Jessica
  2646 | D:3      | Noticed Terence
  2652 | D:3      | Killed Terence
  2653 | D:3      | Reached XP level 5. HP: 7/28 MP: 1/9
  2661 | D:3      | Got Sif Muna's Almanac of Exhumation
  2881 | D:3      | Found a bloodstained altar of Trog.
  2971 | D:3      | Identified the +3 leather armour of Anaesthesia {Stlth+}
  3162 | D:3      | You are sucked into a shaft and drop 2 floors!
  3162 | D:5      | Entered Level 5 of the Dungeon
  3221 | D:5      | Noticed an ogre
  3229 | D:5      | Killed an ogre
  3230 | D:5      | Reached XP level 6. HP: 29/32 MP: 6/10
  3271 | D:5      | Found an opulent altar of Gozag.
  3283 | D:5      | Found a basalt altar of Yredelemnul.
  3289 | D:5      | Became a worshipper of Gozag Ym Sagoz the Greedy
  3307 | D:5      | Reached skill level 5 in Earth Magic
  3490 | D:3      | Found a hazy altar of Hepliaklqana.
  4026 | D:3      | Killed Crazy Yiuf
  4039 | D:3      | Identified the +9 hammer of Greatest Utility {elec, rElec
                  | rF+ Int-2}
  4298 | D:4      | Learned a level 3 spell: Stone Arrow
  4303 | D:4      | Noticed Blork the orc
  4416 | D:3      | Killed Robin
  4518 | D:3      | Killed Blork the orc
  4519 | D:3      | Reached XP level 7. HP: 33/36 MP: 7/12
  5134 | D:4      | Noticed Eustachio
  5137 | D:4      | Noticed Pikel
  5639 | D:3      | Killed Eustachio
  5825 | D:3      | Slain by Pikel

Illustrated notes

Levels and vault maps discovered:
D:1:      lemuel_arrival_cross, layout_loops_ring, shapermc_ecumenical_altar_gd,
          due_unseen_surprise
D:2:      layout_basic
D:3:      layout_basic, worldfamousw_hep_ancestral_shrine,
          nzn_overflow_gifts_of_might_and_magic, uniq_crazy_yiuf_cottage,
          uniq_robin
D:4:      black_bear_nest_2, layout_gridville, uniq_pikel, uniq_sigmund,
          uniq_blork_the_orc, uniq_eustachio
D:5:      layout_rooms, nicolae_overflow_crystal_walls, lemuel_crystal_altar

Skill      XL: |  1  2  3  4  5  6 |
---------------+-------------------+-----
Earth Magic    | 4 5 |  5.7
Dodging        | 2 3 |  3.4
Conjurations   | 1 2 3 |  3.6
Evocations     | 1 2 |  2.9
Spellcasting   | 3 |  3.8
Stealth        | |  2.1
Transmutations | |  0.7

Action                   |  1- 3 |  4- 6 |  7- 9 || total
-------------------------+-------+-------+-------++-------
Melee: Staff             |       |     2 |       ||     2
 Cast: Sandblast         |    68 |    72 |    78 ||   218
       Passwall          |     2 |       |       ||     2
Armor: Leather armour    |     8 |    13 |    72 ||    93
       Robe              |     1 |       |       ||     1
Dodge: Dodged            |    27 |    23 |    92 ||   142
